 Dungeon Crawl Stone Soup version 0.21.1-1-g345015f (webtiles) character file.

46 troglodite the Charmwright (level 3, 0/18 HPs)
             Began as a Spriggan Skald on Feb 13, 2018.
             Slain by an adder (4 damage)
             ... on level 3 of the Dungeon.
             The game lasted 00:04:54 (1921 turns).

troglodite the Charmwright (Spriggan Skald)         Turns: 1921, Time: 00:04:55

Health: 0/18       AC:  2    Str:  8    XL:     3   Next: 46%
Magic:  7/8        EV: 19    Int: 17    God:
Gold:   160        SH:  0    Dex: 15    Spells: 1/8 levels left

rFire    . . .     SeeInvis +   a - +0 short sword
rCold    . . .     Gourm    .   (shield restricted)
rNeg     . . .     Faith    .   b - +0 robe
rPois    .         Spirit   .   (helmet restricted)
rElec    .         Reflect  .   (no cloak)
rCorr    .         Harm     .   (gloves unavailable)
MR       .....                  (boots unavailable)
Stlth    +.........             (no amulet)
HPRegen  0.06/turn              p - +3 ring of intelligence
MPRegen  0.11/turn              (no ring)

@: lethally poisoned (0 -> -3), very quick
A: very small, unfitting armour, see invisible, herbivore, speed 3, slow
metabolism 2
a: no special abilities


You were on level 3 of the Dungeon.
You were not hungry.

You visited 1 branch of the dungeon, and saw 3 of its levels.

You collected 160 gold pieces.

Inventory:

Hand Weapons
 a - a +0 short sword (weapon)
Armour
 b - a +0 robe (worn)
Jewellery
 p - a +3 ring of intelligence (left hand)
Scrolls
 e - a scroll of magic mapping {unknown}
 h - a scroll of remove curse {unknown}
 j - a scroll of enchant weapon {unknown}
 k - 2 scrolls of enchant armour {unknown}
 o - 2 scrolls of identify {unknown}
Potions
 f - a potion of haste {unknown}
 g - a potion of curing {unknown}
 i - 2 potions of cancellation {unknown}
 l - a potion of invisibility {unknown}
 m - a potion of berserk rage {unknown}
 n - a potion of might {unknown}
Books
 c - a book of Battle

   Spells                             Type                      Level
   a - Infusion                       Charms                       1
   b - Shroud of Golubria             Charms/Translocation         2
   c - Song of Slaying                Charms                       2
   d - Spectral Weapon                Hexes/Charms                 3
   e - Regeneration                   Charms/Necromancy            3
Comestibles
 d - 5 rations


   Skills:
 * Level 1.8 Fighting
 + Level 2.6 Short Blades
 * Level 4.3 Dodging
 + Level 0.2 Stealth
 * Level 3.0 Spellcasting
 * Level 0.5 Hexes
 * Level 5.1 Charms


You had one spell level left.
You knew the following spells:

 Your Spells              Type           Power        Failure   Level  Hunger
a - Infusion              Chrm           ###.         2%          1    None
b - Spectral Weapon       Hex/Chrm       ##......     16%         3    ###....
c - Regeneration          Chrm/Necr      ##........   19%         3    ###....


Dungeon Overview and Level Annotations

Branches:
Dungeon (3/15)

Altars:
Kikubaaqudgha
Sif Muna
Vehumet

Annotations:
D:3 Sigmund


Innate Abilities, Weirdness & Mutations

You are very small and have problems with some larger weapons.
You are too small for most types of armour.
You have supernaturally acute eyesight. (SInv)
You are a herbivore.
You cover ground extremely quickly.
You need consume almost no food.


Message History

You feel sick. Sigmund misses you. The adder bites you.
* * * LOW HITPOINT WARNING * * *
You hit Sigmund.
Sigmund is severely wounded.
The adder closely misses you. Sigmund barely misses you.
You hit Sigmund.
Sigmund is almost dead.
The adder bites you but does no damage.
You barely miss Sigmund.
Sigmund is almost dead.
The adder closely misses you. Sigmund barely misses you. The adder misses you.
Unknown command.
You barely miss Sigmund.
Sigmund is almost dead.
You feel sick. The adder misses you. Sigmund barely misses you.
Unknown command.
You hit Sigmund.
Sigmund is almost dead.
The adder bites you.
You die...

#.####.##. #.#
#.#.# #.# #...
#.# #.. #.#
#.# #.####.#
#......#
######(##.#.##
#@@s.....
#S#....##
#.#..### #.#
.# #.. .. [..
.. ##. ### ..


You could see Sigmund (invisible), an adder, a giant cockroach and a friendly
spectral short sword.

Vanquished Creatures
  An adder (D:2)
  An ooze (D:1)
  A dart slug (D:1)
  2 leopard geckos
  2 giant cockroaches
  7 hobgoblins
  2 bats (D:1)
  4 frilled lizards (D:1)
  A goblin (D:1)
  3 kobolds
  6 rats
30 creatures vanquished.

Notes
Turn   | Place    | Note
-------+----------+-------------------------------------------
     0 | D:1      | troglodite the Spriggan Skald began the quest for the Orb.
     0 | D:1      | Reached XP level 1. HP: 10/10 MP: 5/5
   104 | D:1      | Reached XP level 2. HP: 10/14 MP: 6/6
   360 | D:1      | Reached skill level 5 in Charms
   820 | D:2      | Reached XP level 3. HP: 17/18 MP: 8/8
   843 | D:2      | Learned a level 3 spell: Spectral Weapon
   847 | D:2      | Learned a level 3 spell: Regeneration
  1184 | D:2      | Found a deep blue altar of Sif Muna.
  1535 | D:2      | Found an ancient bone altar of Kikubaaqudgha.
  1535 | D:2      | Found a radiant altar of Vehumet.
  1899 | D:3      | Noticed Sigmund
  1921 | D:3      | Slain by an adder

Skill      XL: |  1  2  3 |
---------------+----------+-----
Charms         | 5 |  5.1
Dodging        | 4 |  4.3
Spellcasting   | 3 |  3.0
Fighting       | |  1.8
Short Blades   | |  2.6
Stealth        | |  0.2
Hexes          | |  0.5

Action                   || total
-------------------------++-------
Melee: Short sword       ||   138
 Cast: Spectral Weapon   ||     2
 Stab: Sleeping          ||     2
Armor: Robe              ||     7
Dodge: Dodged            ||   119
